 Dungeon Crawl Stone Soup version 0.14-a0-2374-ge879b5e (webtiles) character file.

165 Econoterrorist the Ruffian (level 4, -3/38 HPs)
             Began as a Ghoul Monk on Feb 1, 2014.
             Was a Believer of Okawaru.
             Slain by an orc
             ... wielding a +0,+0 orcish mace
              (4 damage)
             ... on Level 3 of the Dungeon.
             The game lasted 00:06:08 (1736 turns).

Econoterrorist the Ruffian (Ghoul Monk)             Turns: 1736, Time: 00:06:10

HP  -3/38        AC  8     Str 14      XL: 4   Next: 98%
MP   3/3         EV  9     Int  6      God: Okawaru [**....]
Gold 51          SH  0     Dex 11      Spells:  0 memorised,  3 levels left

rFire  . . .     SeeInvis .       - Unarmed
rCold  + . .     Clarity  .     e - +0 ring mail
rNeg   + + +     Conserve .     (no shield)
rPois  +         rCorr    .     a - +2 helmet
rElec  .         rRot     +     (no cloak)
SustAb . .       Spirit   .     (no gloves)
rMut   .         Warding  .     (no boots)
Saprov + + +     Stasis   .     (no amulet)
MR     .....                    (no ring)
                                (no ring)

@: rotting, not resistant to hostile enchantments, unstealthy
A: rotting body, claws 1, carnivore 3, cold resistance 1, life protection 3,
poison resistance, saprovore 3, slow healing 1, torment resistance, unbreathing
a: Heroism, Renounce Religion


You were on level 3 of the Dungeon.
You worshipped Okawaru.
Okawaru was pleased with you.
You were not hungry.

You visited 1 branch of the dungeon, and saw 3 of its levels.

You collected 51 gold pieces.

Inventory:

Armour
 a - a +2 helmet (worn)
 e - a +0 ring mail (worn)
Comestibles
 o - a rotting chunk of worm flesh
 s - a chunk of ball python flesh
 t - a chunk of rat flesh
 u - 3 chunks of orc flesh
Scrolls
 b - a scroll of identify {unknown}
 c - 2 scrolls of immolation {unknown}
 d - a scroll of enchant weapon II {unknown}
 g - 2 scrolls of blinking {unknown}
 i - a scroll of remove curse {unknown}
 j - a scroll of curse weapon {unknown}
 l - 2 scrolls of random uselessness {unknown}
 m - a scroll of curse jewellery {unknown}
 q - a scroll of teleportation {unknown}
Potions
 f - 2 potions of might {unknown}
 h - a potion of agility {unknown}
 k - a potion of curing {unknown}
 n - 2 potions of degeneration {unknown}
 p - a potion of heal wounds {unknown}


   Skills:
 - Level 3.2 Fighting
 - Level 2.6 Dodging
 - Level 2.1 Stealth
 + Level 6.7 Unarmed Combat


You had 3 spell levels left.
You didn't know any spells.

Dungeon Overview and Level Annotations

Branches:
Dungeon (3/16)

Altars:
Cheibriados
Elyvilon
Fedhas
Nemelex Xobeh
Okawaru
The Shining One


Innate Abilities, Weirdness & Mutations

Your body is rotting away.
You have sharp fingernails.
You are carnivorous and can eat meat at any time.
Your flesh is cold resistant.
You are immune to negative energy.
Your system is resistant to poisons.
You thrive on rotten meat.
You heal slowly when monsters are visible.
You are immune to unholy pain and torment.
You can survive without breathing.


Message History

You closely miss the orc priest. The orc hits you but does no damage.
The orc priest invokes the aid of Beogh against you.
You are unaffected.
You hit the orc priest.
The orc priest begins to bleed from its wounds!
The orc priest is heavily wounded.
The orc hits you with an orcish mace.
The orc priest hits you but does no damage.
The orc hits you but does no damage.
You closely miss the orc priest. You claw the orc priest.
The orc priest is heavily wounded.
The orc priest barely misses you. The orc hits you but does no damage.
The orc hits you with an orcish falchion.
You hit the orc priest.
The orc priest is severely wounded.
The orc priest calls down the wrath of Beogh upon you.
Something smites you!
* * * LOW HITPOINT WARNING * * *
The orc hits you with an orcish mace.
You die...

......# #...##
##.##..## #.....
.........#####...##
..#..#..............
...#.................
#.......)...........
##o#.....#####...##
#oo.#...# #......
#@#....## #.....#
#o##.#.# #.....#
#o.....# ##...##
#.........###### #...#
...[#####......####.###
#.# #...###.#......# #
#..........#.#.#
#(..............
##...........#.#


You could see an orc priest (bleeding) and 4 orcs.

Vanquished Creatures
  An orc priest (D:3)
  4 adders
  A worm (D:2)
  3 orcs (D:3)
  2 ball pythons
  3 hobgoblins
  8 jackals (D:2)
  A quokka (D:3)
  4 bats
  2 giant geckos (D:2)
  A giant newt (D:2)
  5 goblins
  4 kobolds
  9 rats
48 creatures vanquished.

Notes
Turn   | Place    | Note
--------------------------------------------------------------
     0 | D:1      | Econoterrorist, the Ghoul Monk, began the quest for the Orb.
     0 | D:1      | Reached XP level 1. HP: 19/19 MP: 1/1
   401 | D:1      | Reached XP level 2. HP: 25/25 MP: 2/2
   614 | D:1      | Reached skill level 5 in Unarmed Combat
   854 | D:2      | Reached XP level 3. HP: 25/29 MP: 3/3
  1274 | D:2      | Found a blossoming altar of Fedhas.
  1311 | D:2      | Reached skill level 6 in Unarmed Combat
  1311 | D:2      | Reached XP level 4. HP: 38/38 MP: 3/3
  1469 | D:2      | Found a sparkling altar of Nemelex Xobeh.
  1472 | D:2      | Found a glowing golden altar of the Shining One.
  1473 | D:2      | Found an iron altar of Okawaru.
  1475 | D:2      | Found a snail-covered altar of Cheibriados.
  1481 | D:2      | Became a worshipper of Warmaster Okawaru
  1481 | D:2      | Acquired Okawaru's first power
  1498 | D:2      | Found a white marble altar of Elyvilon.
  1736 | D:3      | HP: 1/38 [orc priest/divine providence (11)]
  1736 | D:3      | Slain by an orc

Action                   |  1- 3 |  4- 6 || total
-------------------------+-------+-------++-------
Melee: Unarmed           |    78 |    48 ||   126
